 Dungeon Crawl Stone Soup version 0.29-a0-824-gd827844252 (webtiles) character file.

Game seed: 4703365422720724345

74 gobodom the Digger (level 4, -3/30 HPs)
             Began as a Demonspawn Earth Elementalist on July 11, 2022.
             Slain by a hobgoblin (4 damage)
             ... on level 2 of the Dungeon.
             The game lasted 00:05:09 (1656 turns).

gobodom the Digger (Demonspawn Earth Elementalist)  Turns: 1656, Time: 00:05:09

Health: -3/30      AC:  3    Str:  7 (8)  XL:     4   Next: 9%
Magic:  9/17       EV: 12    Int: 17 (19) God:
Gold:   131        SH:  0    Dex: 10 (13) Spells: 8/9 levels left

rFire   . . .      SeeInvis .   (no weapon)
rCold   . . .      Faith    .   (no shield)
rNeg    . . .      Spirit   .   a - +0 robe
rPois   .          Reflect  .   (no helmet)
rElec   .          Harm     .   (no cloak)
rCorr   .          Rampage  .   c - +0 pair of gloves
Will    .....                   (no boots)
Stlth   ++........              (no amulet)
HPRegen 0.10/turn               h - ring of magical power
MPRegen 0.15/turn               i - ring of flight

@: lethally poisoned (-3 -> -8), flying
A: demonic guardian 1, powered by pain 1, talons 1
a: no special abilities


You were on level 2 of the Dungeon.
You visited 1 branch of the dungeon, and saw 2 of its levels.

You collected 131 gold pieces.

Inventory:

Armour
 a - a +0 robe (worn)
 c - a +0 pair of gloves (worn)
Jewellery
 h - a ring of magical power (left hand)
 i - a ring of flight (right hand)
Scrolls
 f - a scroll of enchant weapon {unknown}
 j - a scroll of blinking {unknown}
 l - a scroll of identify {unknown}
Potions
 b - a potion of magic


   Skills:
 + Level 1.9 Dodging
 + Level 2.0 Stealth
 + Level 3.0 Spellcasting
 + Level 0.8 Transmutations
 + Level 3.6 Earth Magic


You had 8 spell levels left.
You knew the following spells:

 Your Spells              Type           Power      Damage    Failure   Level
a - Sandblast             Erth           30%        2d9       3%          1

Your spell library contained the following spells:

 Spells                   Type           Power      Damage    Failure   Level
 Passwall                 Tmut/Erth      8%         N/A       11%         2
 Summon Small Mammal      Summ           8%         N/A       17%         1
 Stone Arrow              Conj/Erth      16%        3d8       24%         3
 Call Canine Familiar     Summ           2%         N/A       45%         3
 Summon Guardian Golem    Hex/Summ       2%         N/A       45%         3
 Petrify                  Tmut/Erth      10%        N/A       56%         4
 Animate Dead             Necr           2%         N/A       86%         4
 Haunt                    Necr/Summ      1%         N/A       100%        7
 Infestation              Necr           1%         N/A       100%        8


Dungeon Overview and Level Annotations

Branches:
Dungeon (2/15)

Altars:

Shops:
D:2 (


Innate Abilities, Weirdness & Mutations

A weak demonic guardian rushes to your aid.
You sometimes gain a little power by taking damage.
You have sharp toenails.


Message History

The rat barely misses you.
Your white imp barely misses the rat.
The hobgoblin hits you but does no damage.
It was a potion of flight.
You feel more buoyant.
You feel sick.
You are no longer poisoned.
The adder misses you. The rat barely misses you.
Your white imp hits the rat but does no damage.
The hobgoblin hits you but does no damage.
It was a potion of degeneration.
There was something very wrong with that liquid.
You feel weakened.
You feel dopey.
You feel clumsy. The adder misses you.
Your white imp hits the rat.
Your white imp freezes the rat.
The rat dies!
The hobgoblin hits you but does no damage.
It was a potion of curing.
You feel better. The adder bites you. x2
* * * LOW HITPOINT WARNING * * *
You are lethally poisoned!
The adder poisons you!
Your white imp gestures at the adder.
The puff of frost hits the adder!
The adder dies!
The hobgoblin hits you.
* * * LOW HITPOINT WARNING * * *
Your Spellcasting skill increases to level 3!
You have reached level 4!
You feel clever.
Casting: Sandblast (safe; 3% risk of failure)
Confirm with . or Enter, or press ? or * to list all spells.
Aiming: Sandblast (safe; 3% risk of failure)
Press: ? - help, Shift-Dir - straight line, f - hobgoblin
Aim: a hobgoblin (79% to hit)
The blast of sand misses the hobgoblin.
* * * LOW HITPOINT WARNING * * *
You feel very sick. The hobgoblin hits you.
* * * LOW HITPOINT WARNING * * *
The hobgoblin hits you.
You die...

######..................#
#..#...............#
#...#......>......#
###.#...#..........##
#...##..##....###.##
#.####........# .#
######.#####....$..# #
.......†...#.......###.#
#.....)###......@.......
#......#####...5.g......
...........#......†.....
#.....####.#.......=....
#.....## ..............
[.#....# ###............
..###..# ###...#......
#......... ##.........
#####.#....


You could see a hobgoblin (ally target) and a friendly white imp (summoned).

Vanquished Creatures
  2 adders (D:2)
  A worm (D:2)
  A dart slug (D:2)
  5 ball pythons
  3 endoplasms
  5 giant cockroaches
  3 goblins
  3 hobgoblins (D:2)
  2 kobolds (D:1)
  A quokka (D:1)
  4 bats
  4 frilled lizards
  3 rats (D:1)
37 creatures vanquished.

Vanquished Creatures (collateral kills)
  An adder (D:2)
  A rat (D:2)
2 creatures vanquished.

Grand Total: 39 creatures vanquished

Notes
Turn   | Place    | Note
-------+----------+-------------------------------------------
     0 | D:1      | gobodom the Demonspawn Earth Elementalist began the quest
                  | for the Orb.
     0 | D:1      | Reached XP level 1. HP: 13/13 MP: 3/3
   288 | D:1      | Gained mutation: You sometimes gain a little power by
                  | taking damage. [demonic ancestry]
   288 | D:1      | Reached XP level 2. HP: 19/19 MP: 3/5
  1231 | D:1      | Found a faded altar of an unknown god.
  1288 | D:2      | Found Teesham's Weapon Shoppe.
  1339 | D:2      | Gained mutation: A weak demonic guardian rushes to your
                  | aid. [demonic ancestry]
  1339 | D:2      | Reached XP level 3. HP: 24/24 MP: 6/6
  1652 | D:2      | Gained mutation: You occasionally lose the ability to read
                  | scrolls when taking damage. [potion of mutation]
  1652 | D:2      | Lost mutation: You occasionally lose the ability to read
                  | scrolls when taking damage. [potion of mutation]
  1652 | D:2      | Gained mutation: You have sharp toenails. [potion of
                  | mutation]
  1656 | D:2      | Reached XP level 4. HP: 5/30 MP: 8/8
  1656 | D:2      | HP: 1/30 [hobgoblin (2)]
  1656 | D:2      | Slain by a hobgoblin

Illustrated notes

Levels and vault maps discovered:
D:1:      minmay_arrival_wavy_path, layout_loops_ring,
          shapermc_ecumenical_altar_petra
D:2:      layout_rooms, basic_altar, serial_shops, shop, uniq_jessica

Skill      XL: |  1  2  3 |
---------------+----------+-----
Earth Magic    | 3 |  3.6
Stealth        | 2 |  2.0
Spellcasting   | 3 |  3.0
Dodging        | |  1.9
Transmutations | |  0.8

Action                   |  1- 3 |  4- 6 || total
-------------------------+-------+-------++-------
Melee: Unarmed           |     5 |       ||     5
 Cast: Sandblast         |    66 |     1 ||    67
  Use: Potion            |     4 |       ||     4
Armor: Robe              |    13 |       ||    13
Dodge: Dodged            |    53 |       ||    53

Table legend: (Time is in decaauts)
 A = Elapsed time spent in this place.
 B = Non-inter-level travel time spent in this place.
 C = Inter-level travel time spent in this place.
 D = Time resting spent in this place.
 E = Time spent auto-exploring this place.
 F = Levels seen in this place.
 G = Mean time per level.
                   A        B        C        D        E       F      G
               +--------+--------+--------+--------+--------+-----+--------+
         Total |   1721 |   1693 |     28 |    169 |   1253 |   2 |  860.5 |
       Dungeon |   1721 |   1693 |     28 |    169 |   1253 |   2 |  860.5 |
               +--------+--------+--------+--------+--------+-----+--------+

Top non-repeatable levels by time:
     D:1: 1322 daAuts
     D:2: 399 daAuts
